 Dungeon Crawl Stone Soup version 0.15-a0-2123-gb18dd36 (webtiles) character file.

196 crabcz the Digger (level 5, -5/28 HPs)
             Began as a Gargoyle Earth Elementalist on July 16, 2014.
             Slain by a gnoll
             ... wielding a +0 club
              (6 damage)
             ... on Level 2 of the Dungeon.
             The game lasted 00:18:50 (3907 turns).

crabcz the Digger (Gargoyle Earth Elementalist)     Turns: 3907, Time: 00:18:50

HP  -5/28        AC  8     Str 12      XL: 5   Next: 75%
MP  10/11        EV  9     Int 16      God:
Gold 92          SH  3     Dex 10      Spells:  1 memorised,  9 levels left

rFire  . . .     SeeInvis .     b - 27 stones
rCold  . . .     Clarity  .     E - +0 leather armour
rNeg   + . .     rCorr    .     n - +0 buckler (curse)
rPois  +         rRot     +     (no helmet)
rElec  +         Spirit   .     m - +0 cloak
SustAb .         Warding  .     (no gloves)
rMut   .         Stasis   .     (no boots)
Gourm  .                        (no amulet)
MR     .....                    (no ring)
                                (no ring)

@: very slightly contaminated, not resistant to hostile enchantments, unstealthy
A: negative energy resistance 1, electricity resistance, unbreathing,
petrification resistance, rot immunity, AC +4
a: no special abilities


You were on level 2 of the Dungeon.
You were hungry.

You visited 1 branch of the dungeon, and saw 3 of its levels.

You collected 92 gold pieces.

Inventory:

Hand weapons
 a - a +0 flail of pain
 f - a +0 spear
 r - a +0 whip
 x - a +0 whip
 B - a +1 club
Missiles
 b - 27 stones (in hand)
 s - 2 bolts of flame
 y - 6 tomahawks (quivered)
Armour
 c - a +0 robe
 g - a +0 scale mail
 h - a +0 robe
 m - a +0 cloak (worn)
 n - a cursed +0 buckler (worn)
 C - a +0 robe
 E - a +0 leather armour (worn)
 F - a +0 scale mail
Magical devices
 o - a wand of frost (11) {unknown}
Comestibles
 l - a meat ration
 v - a royal jelly
 w - a bread ration
 D - a rotting chunk of bat flesh
Scrolls
 e - a scroll of random uselessness
 i - 2 scrolls of amnesia
 j - 3 scrolls of identify
 q - 2 scrolls of remove curse {unknown}
 t - 2 scrolls of recharging {unknown}
Jewellery
 k - an uncursed ring of sustain abilities {unknown}
Potions
 p - a potion of resistance {unknown}
 u - a potion of heal wounds {unknown}
 z - a potion of haste {unknown}
 A - a potion of lignification {unknown}
Books
 d - a book of Geomancy

   Spells                             Type                      Level
   *Sandblast                         Earth                        1
   Stoneskin                          Transmutation/Earth          2
   Passwall                           Transmutation/Earth          3
   Stone Arrow                        Conjuration/Earth            3
   Petrify                            Transmutation/Earth          4
   Lee's Rapid Deconstruction         Earth                        5


   Skills:
 + Level 0.4 Fighting
 - Level 2.0 Maces & Flails
 - Level 1.5 Dodging
 + Level 3.5 Stealth
 + Level 3.0 Spellcasting
   Level 0.7 Transmutations
 * Level 5.3 Earth Magic


You had 9 spell levels left.
You knew the following spells:

 Your Spells              Type           Power        Failure   Level  Hunger
a - Sandblast             Erth           ###...       3%          1    #......


Dungeon Overview and Level Annotations

Branches:
Dungeon (3/15)

Altars:


Innate Abilities, Weirdness & Mutations

You are resistant to torment.
You are immune to poison.
Your stone body is very resilient (AC +4).
You resist negative energy.
You are resistant to electric shocks.
You can survive without breathing.
You are immune to petrification.
You are immune to rotting.


Message History

You hit the gnoll.
The gnoll is moderately wounded.
The gnoll misses you.
The gnoll hits you with a spear of freezing.
The gnoll freezes you.
b - 27 stones (in hand)
Casting: Sandblast
Confirm with . or Enter, or press ? or * to list all spells.
Aiming: Sandblast
Press: ? - help, Shift-Dir - straight line, f - gnoll
Aim: a gnoll, wielding a spear of freezing (moderately wounded)
You miscast Sandblast.
You are very lightly contaminated with residual magic.
Nothing appears to happen.
The gnoll hits you with a spear of freezing!
* * * LOW HITPOINT WARNING * * *
The gnoll freezes you.
* * * LOW HITPOINT WARNING * * *
The gnoll hits you with a club.
You die...

......'...#.#####.........#.#....
......###.#....<..........#.#...(
####### #.#.....)....#'####.)....
########.#.#.......##%#####.....
#........#<#.......##.))..#....>
#........#####.....######.##....
#.........g..'.....# #.##....
#........#####g....# #.##....
#........# #.@...# #.##....
#........# #..g..######.##...#
#........# #........)...##.#.#
#........# #....##########.#..
#........# #....# #.##)
########## ###### #...) #####


You could see 2 gnolls.

Vanquished Creatures
  An orc priest (D:2)
  A worker ant (D:3)
  6 gnolls (D:2)
  2 adders
  2 worms (D:2)
  A giant gecko (D:2)
  3 orcs
  A ball python (D:1)
  A bat (D:3)
  2 giant cockroaches
  7 goblins
  8 hobgoblins
  4 kobolds (D:1)
  A giant newt (D:1)
  6 rats
46 creatures vanquished.

Notes
Turn   | Place    | Note
--------------------------------------------------------------
     0 | D:1      | crabcz, the Gargoyle Earth Elementalist, began the quest for the Orb.
     0 | D:1      | Reached XP level 1. HP: 10/10 MP: 3/3
  1010 | D:1      | Reached skill level 4 in Earth Magic
  1010 | D:1      | Reached XP level 2. HP: 15/15 MP: 2/4
  2204 | D:2      | Reached XP level 3. HP: 17/19 MP: 6/6
  2560 | D:2      | Reached skill level 1 in Maces & Flails
  2621 | D:2      | Reached XP level 4. HP: 13/24 MP: 2/8
  3540 | D:3      | Reached skill level 5 in Earth Magic
  3540 | D:3      | Reached XP level 5. HP: 17/28 MP: 8/10
  3907 | D:2      | HP: 1/28 [gnoll/spear of freezing (1)]
  3907 | D:2      | Slain by a gnoll

Action                   |  1- 3 |  4- 6 || total
-------------------------+-------+-------++-------
Melee: Club              |    81 |    13 ||    94
       Unarmed           |    14 |       ||    14
       Flail             |       |    39 ||    39
 Cast: Sandblast         |    35 |    32 ||    67
  Use: Scroll            |     3 |       ||     3
  Eat: Bread ration      |     1 |       ||     1
       Chunk             |       |     5 ||     5
